 Dungeon Crawl Stone Soup version 0.29-a0-824-gd827844252 (webtiles) character file.

Game seed: 3080295782745701745

4204 gobodom the Sneak (level 10, 0/63 HPs)
             Began as an Octopode Transmuter on July 10, 2022.
             Killed from afar by a steam dragon (15 damage)
             ... with a ball of steam
             ... on level 9 of the Dungeon.
             The game lasted 00:34:25 (8922 turns).

gobodom the Sneak (Octopode Transmuter)             Turns: 8922, Time: 00:34:26

Health: 0/63       AC: 12    Str: 16    XL:     10   Next: 29%
Magic:  18/18      EV: 13    Int: 20    God:
Gold:   476        SH:  9    Dex: 12    Spells: 13/20 levels left

rFire   x . .      SeeInvis +   a - +2 dagger (protect)
rCold   + . .      Faith    .   k - +0 kite shield
rNeg    . . .      Spirit   .   (helmet currently unavailable)
rPois   .          Reflect  .   e - amulet of the acrobat
rElec   .          Harm     .   d - +4 ring of protection
rCorr   .          Rampage  .   G - ring of see invisible
Will    .....                   w - ring of ice
Stlth   ++++......              z - +6 ring of strength
HPRegen 0.20/turn               (no ring)
MPRegen 0.16/turn               (no ring)
                                (no ring)
                                (no ring)

@: appendages, under a protective aura
A: tentacle spike 3, almost no armour, amphibious, 8 rings, camouflage 1,
gelatinous body 1, (nimble swimmer 1), tentacles
a: End Transformation


You were on level 9 of the Dungeon.
One of your tentacles had grown a beastly spike.
You visited 1 branch of the dungeon, and saw 9 of its levels.

You collected 476 gold pieces.

Inventory:

Hand Weapons
 a - a +2 dagger of protection (weapon)
 A - a +2 dagger of speed
 K - a +1 dagger of draining
Missiles
 f - 7 poisoned darts
 l - 4 silver javelins
 m - 5 silver boomerangs
 q - 7 boomerangs
 C - a curare-tipped dart
Armour
 b - an orb of wrath
 k - a +0 kite shield (worn)
 F - an orb of light
Magical Staves
 p - a staff of fire
 v - a staff of air
Jewellery
 d - a +4 ring of protection (left tentacle)
 e - an amulet of the acrobat (around mantle)
 w - a ring of ice (on tentacle)
 z - a +6 ring of strength (on tentacle)
 G - a ring of see invisible (right tentacle)
Wands
 B - a wand of flame (13)
 J - a wand of iceblast (9)
Scrolls
 c - 3 scrolls of teleportation
 g - a scroll of magic mapping
 h - a scroll of poison
 i - 4 scrolls of fog {unknown}
 j - 2 scrolls of amnesia
 o - 3 scrolls of fear {unknown}
 r - a scroll of acquirement {unknown}
 t - 2 scrolls of brand weapon {unknown}
 y - 2 scrolls of vulnerability {unknown}
 D - a scroll of noise {unknown}
 I - a scroll of enchant weapon {unknown}
 L - 2 scrolls of enchant armour {unknown}
Potions
 n - a potion of magic
 s - a potion of might
 u - 2 potions of mutation {unknown}
 x - a potion of resistance
 E - a potion of invisibility
 H - 4 potions of curing
 M - a potion of cancellation {unknown}


   Skills:
 + Level 4.0 Fighting
 + Level 4.8 Short Blades
 + Level 1.3 Throwing
 + Level 6.5 Dodging
 + Level 7.0 Stealth
 + Level 5.2 Shields
 + Level 4.6 Unarmed Combat
 + Level 5.5 Spellcasting
 + Level 5.8 Transmutations
 * Level 0.1 Ice Magic


You had 13 spell levels left.
You knew the following spells:

 Your Spells              Type           Power      Damage    Failure   Level
a - Beastly Appendage     Tmut           58%        N/A       2%          1
b - Wereblood             Tmut           29%        N/A       4%          2
c - Ice Form              Ice/Tmut       26%        N/A       65%         4

Your spell library contained the following spells:

 Spells                   Type           Power      Damage    Failure   Level
 Passwall                 Tmut/Erth      14%        N/A       14%         2
 Spider Form              Tmut/Pois      17%        N/A       28%         3
 Sandblast                Erth           10%        2d5       30%         1
 Ensorcelled Hibernation  Hex/Ice        16%        N/A       41%         2
 Dazzling Flash           Conj/Hex       10%        N/A       67%         3
 Stone Arrow              Conj/Erth      10%        3d7       67%         3
 Anguish                  Hex/Necr       2%         N/A       97%         4
 Iskenderun's Mystic Bla  Conj/Tloc      5%         2d3       97%         4
 Starburst                Conj/Fire      2%         6d3       100%        6


Dungeon Overview and Level Annotations

Branches:
Dungeon (9/15)             Temple (0/1) D:5
   Lair: D:8-11         Orc: D:9-12

Altars:
Ashenzari
Dithmenos
Makhleb
Zin

Shops:
D:8 (


Innate Abilities, Weirdness & Mutations

One of your tentacles has grown a beastly spike.
You cannot wear most types of armour.
You are amphibious.
You can wear up to eight rings at the same time.
Your skin changes colour to match your surroundings (Stealth+).
Your rubbery body absorbs attacks. (AC +1, EV +1)
((You are camouflaged when in or above water. (Stealth+)))
You have tentacles for arms and can constrict up to eight enemies at once.


Message History

You hit the steam dragon.
Your weapon exudes an aura of protection.
Your tentacle spike misses the steam dragon.
You tentacle-slap the steam dragon, but do no damage.
The steam dragon is lightly wounded.
You block the steam dragon's attack.
The steam dragon claws you but does no damage.
You barely miss the steam dragon.
You pierce the steam dragon.
The steam dragon is moderately wounded.
The steam dragon barely misses you. The steam dragon misses you.
You hit the steam dragon.
You squeeze the steam dragon, but do no damage.
The steam dragon is moderately wounded.
You hit the steam dragon but do no damage.
Your tentacle spike misses the steam dragon.
The steam dragon is moderately wounded.
You block the steam dragon's attack. x2
You completely miss the steam dragon.
The steam dragon is moderately wounded.
The steam dragon bites you.
* * * LOW HITPOINT WARNING * * *
You block the steam dragon's attack.
You completely miss the steam dragon.
Your tentacle spike misses the steam dragon.
You squeeze the steam dragon, but do no damage.
The steam dragon is moderately wounded.
The steam dragon closely misses you.
The steam dragon claws you but does no damage.
You hit the steam dragon but do no damage.
You pierce the steam dragon, but do no damage.
You squeeze the steam dragon, but do no damage.
The steam dragon is moderately wounded.
The steam dragon bites you but does no damage.
You block the steam dragon's attack.
You hit the steam dragon but do no damage.
You pierce the steam dragon.
The steam dragon is moderately wounded.
The steam dragon breathes steam at you. The ball of steam hits you!
The steam scalds you terribly!
You die...

...# ...#
...# ...#
########
...#
#.....<#
...#
#......#
...#
#......#
...#
#......+
...#
#.#.@....#
...#
#..D.....#
...#
##.......#
....
#.......#
....
##......#
....
#..(.....
....
##........
....
#.........
...
##......$.


You could see a steam dragon (catching breath).

Vanquished Creatures
  Prince Ribbit (D:6)
  A wyvern (D:8)
  Edmund (D:4)
  Duvessa (D:7)
  2 ice beasts (D:7)
  6 orc warriors
  An ogre (D:5)
  2 black bears
  The ghost of zhov the Shooter, an amateur DsHu (D:3)
  9 centaurs
  2 phantoms (D:5)
  A kobold brigand (D:6)
  3 necrophages
  2 scorpions
  3 bullfrogs
  Dowan (D:7)
  5 jellies
  An electric eel (D:9)
  11 orc priests
  3 hounds
  8 orc wizards
  Robin (D:4)
  7 gnolls
  5 adders
  A shadow imp (D:7)
  A white imp (D:6)
  A dart slug (D:1)
  39 orcs
  4 bats
  6 endoplasms
  3 giant cockroaches
  14 goblins
  12 hobgoblins
  7 jackals
  12 kobolds
  3 quokkas
  6 ball pythons
  4 frilled lizards
  5 rats
196 creatures vanquished.

Vanquished Creatures (others)
  2 withered plants (D:3)
2 creatures vanquished.

Grand Total: 198 creatures vanquished

Notes
Turn   | Place    | Note
-------+----------+-------------------------------------------
     0 | D:1      | gobodom the Octopode Transmuter began the quest for the
                  | Orb.
     0 | D:1      | Reached XP level 1. HP: 13/13 MP: 3/3
   220 | D:1      | Reached XP level 2. HP: 18/18 MP: 3/5
   258 | D:1      | Learned a level 2 spell: Wereblood
   479 | D:1      | Found a faded altar of an unknown god.
   482 | D:1      | Noticed a great orb of eyes
   488 | D:1      | Noticed an eye of devastation
   492 | D:1      | Noticed a golden eye
   496 | D:1      | Reached skill level 1 in Stealth
   496 | D:1      | Noticed an eye of devastation
   658 | D:1      | Reached XP level 3. HP: 18/23 MP: 4/6
  1259 | D:2      | Reached skill level 2 in Stealth
  1315 | D:2      | Reached XP level 4. HP: 28/28 MP: 5/7
  1900 | D:3      | Found a shadowy altar of Dithmenos.
  1978 | D:3      | Found a runed translucent door.
  1979 | D:3      | Noticed zhov's ghost (amateur DsHu)
  2018 | D:3      | Reached XP level 5. HP: 26/33 MP: 6/8
  2019 | D:3      | Reached skill level 3 in Stealth
  2022 | D:3      | HP: 1/33 [something (5)]
  2375 | D:3      | Noticed a black bear
  2383 | D:3      | Killed a black bear
  2384 | D:3      | Reached skill level 4 in Stealth
  2384 | D:3      | Reached XP level 6. HP: 32/38 MP: 8/10
  2810 | D:3      | Killed zhov's ghost
  3159 | D:4      | Reached skill level 5 in Stealth
  3159 | D:4      | Reached skill level 1 in Shields
  3159 | D:4      | Reached XP level 7. HP: 32/43 MP: 11/11
  3386 | D:4      | Noticed Robin
  3396 | D:4      | Killed Robin
  3557 | D:4      | Noticed Edmund
  3855 | D:4      | Killed Edmund
  3856 | D:4      | Reached skill level 1 in Short Blades
  3856 | D:4      | Reached skill level 1 in Throwing
  4146 | D:5      | Entered Level 5 of the Dungeon
  4586 | D:5      | Reached XP level 8. HP: 29/50 MP: 10/13
  4906 | D:5      | Found a staircase to the Ecumenical Temple.
  5392 | D:6      | Reached skill level 5 in Transmutations
  5418 | D:6      | Reached XP level 9. HP: 28/55 MP: 14/16
  5720 | D:6      | Noticed Prince Ribbit
  5738 | D:6      | Killed Prince Ribbit
  5739 | D:6      | Reached skill level 5 in Dodging
  6058 | D:7      | Noticed Duvessa
  6058 | D:7      | Noticed Dowan
  6231 | D:7      | Reached skill level 6 in Stealth
  6548 | D:7      | Reached skill level 5 in Spellcasting
  6759 | D:7      | Killed Duvessa
  6786 | D:7      | Killed Dowan
  7426 | D:8      | Reached XP level 10. HP: 63/63 MP: 15/17
  7496 | D:8      | Reached skill level 5 in Shields
  7895 | D:8      | Found Piveatzo's Weapon Boutique.
  7967 | D:8      | Found a burning altar of Makhleb.
  8007 | D:8      | Reached skill level 7 in Stealth
  8490 | D:8      | Learned a level 4 spell: Ice Form
  8571 | D:9      | Found a glowing silver altar of Zin.
  8573 | D:9      | Found a broken altar of Ashenzari.
  8616 | D:9      | Noticed a two-headed ogre
  8922 | D:9      | Killed from afar by a steam dragon

Illustrated notes

Levels and vault maps discovered:
D:1:      sevenhm_arrival_forest_fort_large_4, layout_loops_ring,
          hellmonk_ecumenical_altar_watching_god
D:2:      layout_rooms
D:3:      wad_crossroads, layout_rooms, mainiacjoe_overflow_tiny_flanked,
          gammafunk_ghost_grave
D:4:      layout_basic, amcnicky_mini_corridor_feature, uniq_edmund, uniq_robin
D:5:      layout_gridville, minmay_temple_entry_purple_smoke, minivault_4
D:6:      layout_rooms, centaur_isle, uniq_prince_ribbit1
D:7:      layout_basic, wad_floor_pattern_1, minmay_misc_feat_nine_boxes,
          minmay_misc_feat_four_crosses, uniq_duvessa
D:8:      layout_basic, mainiacjoe_overflow_cross_hatched, serial_shops,
          nicolae_shop_bloodbath_and_beyond
D:9:      minmay_the_grid_triangle_9x9_recursive_2_mashed
          [minmay_the_grid_triangle_9x9_prize_schism,
          minmay_the_grid_triangle_9x9_steps,
          minmay_the_grid_triangle_9x9_tough_junction,
          minmay_the_grid_triangle_9x9_corrupted_corridor], layout_gridville,
          nicolae_overflow_hidden_temple,
          nicolae_hepliaklqana_monster_ancestors, kennysheep_path_1

Skill      XL: |  1  2  3  4  5  6  7  8  9 10 |
---------------+-------------------------------+-----
Stealth        | 1 2 4 5 6 7 |  7.0
Unarmed Combat | 4 |  4.6
Transmutations | 3 4 5 |  5.8
Spellcasting   | 3 4 5 |  5.5
Shields        | 1 2 3 4 5 |  5.2
Short Blades   | 1 3 4 |  4.8
Throwing       | 1 |  1.3
Dodging        | 3 4 6 |  6.5
Fighting       | 2 3 4 |  4.0
Ice Magic      | |  0.1

Action                   |  1- 3 |  4- 6 |  7- 9 | 10-12 || total
-------------------------+-------+-------+-------+-------++-------
Melee: Unarmed           |    67 |    36 |       |       ||   103
       Constrict         |    22 |    12 |    55 |    23 ||   112
       Kick              |    21 |    19 |    96 |    36 ||   172
       Tentacles         |    11 |    13 |    74 |    26 ||   124
       Punch             |     3 |     3 |    12 |     8 ||    26
       Dagger            |       |    37 |   300 |    98 ||   435
Throw: Dart              |       |     4 |     1 |       ||     5
       Boomerang         |       |     7 |     1 |       ||     8
       Javelin           |       |       |     1 |       ||     1
 Cast: Beastly Appendage |    24 |    18 |    35 |     9 ||    86
       Wereblood         |       |       |    16 |     5 ||    21
  Use: Potion            |       |     1 |     6 |       ||     7
       Scroll            |       |       |     9 |     2 ||    11
 Stab: Sleeping          |     6 |    13 |    11 |     2 ||    32
Armor: Skin              |     4 |    14 |   138 |    21 ||   177
Dodge: Dodged            |    30 |    20 |   238 |    53 ||   341
Block: Kite shield       |    10 |    13 |   168 |    48 ||   239

Table legend: (Time is in decaauts)
 A = Elapsed time spent in this place.
 B = Non-inter-level travel time spent in this place.
 C = Inter-level travel time spent in this place.
 D = Time resting spent in this place.
 E = Time spent auto-exploring this place.
 F = Levels seen in this place.
 G = Mean time per level.
                   A        B        C        D        E       F      G
               +--------+--------+--------+--------+--------+-----+--------+
         Total |   8938 |   8724 |    214 |    452 |   6194 |   9 |  993.1 |
       Dungeon |   8938 |   8724 |    214 |    452 |   6194 |   9 |  993.1 |
               +--------+--------+--------+--------+--------+-----+--------+

Top non-repeatable levels by time:
     D:7: 1277 daAuts
     D:3: 1211 daAuts
     D:8: 1172 daAuts
     D:5: 1139 daAuts
     D:4: 1119 daAuts
     D:1: 1007 daAuts
     D:2: 861 daAuts
     D:6: 754 daAuts
     D:9: 394 daAuts
